 Dungeon Crawl Stone Soup version 0.22-a0-601-gb0ed703 (webtiles) character file.

735 gmonis the Basher (level 7, -9/57 HPs)
             Began as a Minotaur Berserker on July 6, 2018.
             Was an Elder of Trog.
             Killed from afar by wazuzu's ghost (12 damage)
             ... with a blast of sand
             ... on level 5 of the Dungeon.
             The game lasted 00:07:01 (4899 turns).

gmonis the Basher (Minotaur Berserker)              Turns: 4899, Time: 00:07:02

Health: -9/57      AC:  2    Str: 26    XL:     7   Next: 45%
Magic:  6/6        EV: 12    Int:  4    God:    Trog [****..]
Gold:   145        SH:  0    Dex: 12    Spells: 6/6 levels left

rFire    . . .     SeeInvis .   a - +0 mace
rCold    . . .     Gourm    .   (no shield)
rNeg     . . .     Faith    .   b - +0 animal skin
rPois    .         Spirit   .   (helmet restricted)
rElec    .         Reflect  .   (no cloak)
rCorr    .         Harm     .   (no gloves)
MR       .....                  (no boots)
Stlth    +.........             (no amulet)
HPRegen  0.19/turn              (no ring)
MPRegen  0.10/turn              (no ring)

@: mighty, berserk cooldown, flying, hasted and slowed
A: retaliatory headbutt, horns 2
a: Berserk, Trog's Hand, Brothers in Arms, Renounce Religion


You were on level 5 of the Dungeon.
You worshipped Trog.
Trog was greatly pleased with you.
You were not hungry.

You visited 1 branch of the dungeon, and saw 5 of its levels.

You collected 145 gold pieces.

Inventory:

Hand Weapons
 a - a +0 mace (weapon)
Missiles
 A - 22 stones (quivered)
Armour
 b - a +0 animal skin (worn)
 g - a +0 plate armour
Jewellery
 j - a +4 ring of dexterity {unknown}
 p - an uncursed ring of magical power {unknown}
 s - an uncursed amulet of regeneration {unknown}
 u - a cursed ring of loudness {unknown}
 w - an uncursed ring of wizardry {unknown}
Wands
 y - a wand of iceblast (12)
Scrolls
 d - 2 scrolls of enchant weapon {unknown}
 e - 7 scrolls of remove curse {unknown}
 f - 6 scrolls of identify {unknown}
 h - a scroll of random uselessness {unknown}
 i - 5 scrolls of enchant armour {unknown}
 m - 3 scrolls of fog {unknown}
 n - 2 scrolls of fear {unknown}
 v - a scroll of amnesia {unknown}
 x - a scroll of noise {unknown}
Potions
 l - a potion of haste
 o - a potion of curing
 q - a potion of invisibility {unknown}
 r - a potion of heal wounds {unknown}
 z - a potion of ambrosia {unknown}
Comestibles
 c - 5 rations


   Skills:
 - Level 3.6 Fighting
 + Level 10.5 Maces & Flails
 - Level 2.4 Armour
 - Level 2.1 Dodging


You had 6 spell levels left.
You didn't know any spells.
Your spell library was empty.

Dungeon Overview and Level Annotations

Branches:
Dungeon (5/15)
 Temple: D:4-7

Altars:
Ru
Uskayaw

Annotations:
D:5 wazuzu's ghost, novice OpEE


Innate Abilities, Weirdness & Mutations

You reflexively headbutt those who attack you in melee.
You have a pair of horns on your head.


Message History

* * * LOW HITPOINT WARNING * * *
It was a potion of might.
You feel very mighty all of a sudden. The quokka zombie barely misses you.
You furiously retaliate!
You headbutt the quokka zombie!
You destroy the quokka zombie!
Trog accepts your kill. Wazuzu's ghost casts a spell at you.
The stone arrow misses you.
It was a potion of flight.
You feel very buoyant.
You fly up into the air.
Wazuzu's ghost whispers, "You will understand me better in a moment."
Wazuzu's ghost casts a spell at you. The blast of sand misses you.
There is an open door here.
You see here an adder corpse.
Wazuzu's ghost stares at you and mumbles some strange words.
The blast of sand hits you!
You die...

#.<...#..#.###..
#.....#......#.#
##.#†........#.# #
#.#.....#.....##.#.#
#.#................
#.#.#######........
#.#......##.####.
#.#.####.##.# .. ..#
#.#.####.##@# .# ....
#.#......##.##.#....#
#.###...##.WS......#
#.................)..
#####...#.#†#....#...
#######≈#.#### #
##≈#...... #≈#######
#≈#


You could see wazuzu's ghost and an adder.

Vanquished Creatures
  A phantom (D:4)
  A sky beast (D:5)
  3 scorpions
  2 orc priests (D:3)
  A bullfrog skeleton (D:4)
  4 orc wizards
  A worker ant (D:4)
  A hound skeleton (D:4)
  A howler monkey skeleton (D:4)
  4 adders
  A shadow imp (D:3)
  An ooze (D:3)
  A worm (D:3)
  A dart slug (D:1)
  8 leopard geckos
  18 orcs (D:3)
  8 giant cockroaches
  11 goblins
  6 hobgoblins
  2 jackals (D:2)
  A quokka (D:4)
  3 ball pythons
  A ball python skeleton (D:4)
  4 bats
  6 frilled lizards
  8 kobolds
  3 leopard gecko skeletons (D:4)
  A leopard gecko zombie (D:5)
  A quokka zombie (D:5)
  8 rats
112 creatures vanquished.

Notes
Turn   | Place    | Note
-------+----------+-------------------------------------------
     0 | D:1      | gmonis the Minotaur Berserker began the quest for the Orb.
     0 | D:1      | Reached XP level 1. HP: 19/19 MP: 0/0
    32 | D:1      | Reached skill level 4 in Maces & Flails
   117 | D:1      | Reached XP level 2. HP: 26/26 MP: 1/1
   242 | D:1      | HP: 1/26 [rat (2)]
   243 | D:1      | Reached skill level 5 in Maces & Flails
   274 | D:1      | Reached ** piety under Trog
   580 | D:1      | Reached XP level 3. HP: 30/31 MP: 2/2
  1269 | D:2      | Found a sacrificial altar of Ru.
  1283 | D:2      | Reached skill level 6 in Maces & Flails
  1283 | D:2      | Reached XP level 4. HP: 38/39 MP: 3/3
  1602 | D:2      | Found a hide-covered altar of Uskayaw.
  1811 | D:3      | Reached *** piety under Trog
  1811 | D:3      | Reached skill level 7 in Maces & Flails
  1811 | D:3      | Reached XP level 5. HP: 45/45 MP: 4/4
  2194 | D:3      | Reached skill level 8 in Maces & Flails
  2231 | D:3      | Reached XP level 6. HP: 40/51 MP: 5/5
  3744 | D:4      | Reached skill level 9 in Maces & Flails
  4247 | D:4      | Reached **** piety under Trog
  4247 | D:4      | Reached XP level 7. HP: 21/57 MP: 6/6
  4448 | D:5      | Entered Level 5 of the Dungeon
  4465 | D:5      | Reached skill level 10 in Maces & Flails
  4568 | D:5      | Found a runed door.
  4580 | D:5      | Noticed wazuzu's ghost (novice OpEE)
  4892 | D:5      | HP: 2/57 [wazuzu's ghost/stone arrow (14)]
  4899 | D:5      | Killed from afar by wazuzu's ghost

Vault maps used:
D:1:      saegor_arrival_miasma, st_stairs_10
D:2:      lemuel_round_altar, nicolae_ru_great_annihilating_truth
D:3:      first_ration, corexii_item_surrounded_by_moat, minmay_fountain_box
D:5:      minmay_temple_entry_crystal_x, ebering_ghost_sewer_d, uniq_sigmund

Skill      XL: |  1  2  3  4  5  6  7 |
---------------+----------------------+-----
Maces & Flails | 4 5 6 7 8 9 10 | 10.5
Fighting       | |  3.6
Armour         | |  2.4
Dodging        | |  2.1

Action                   |  1- 3 |  4- 6 |  7- 9 || total
-------------------------+-------+-------+-------++-------
Melee: Mace              |    79 |   130 |    36 ||   245
       Headbutt          |     7 |    23 |     6 ||    36
Invok: Berserk           |     1 |     3 |     1 ||     5
  Use: Potion            |       |       |     4 ||     4
 Stab: Distracted        |       |     2 |       ||     2
       Sleeping          |       |     1 |       ||     1
  Eat: Chunk             |     2 |    10 |     1 ||    13
       Ration            |       |       |     1 ||     1
Armor: Animal skin       |    13 |     9 |     5 ||    27
Dodge: Dodged            |    55 |    62 |    20 ||   137

Table legend:
 A = Spawn XP
 B = Non-spawn XP
 C = Spawn XP percentage of total XP
 D = Spawn monster count
 E = Non-spawn monster count
 F = Spawn count percentage of total count
 G = Total turns spent on level
                    A         B        C        D         E        F      G
               +---------+---------+-------+---------+---------+-------+---------
         Total |       0 |    1051 |   0.0 |       0 |     112 |   0.0 |  4899
               +---------+---------+-------+---------+---------+-------+---------
           D:1 |       0 |      65 |   0.0 |       0 |      36 |   0.0 |  1179
           D:2 |       0 |      71 |   0.0 |       0 |      15 |   0.0 |   567
           D:3 |       0 |     303 |   0.0 |       0 |      37 |   0.0 |  1330
           D:4 |       0 |     391 |   0.0 |       0 |      17 |   0.0 |  1372
           D:5 |       0 |     221 |   0.0 |       0 |       7 |   0.0 |   451
               +---------+---------+-------+---------+---------+-------+---------
